 Dungeon Crawl Stone Soup version bcrawl-1.19.2-6-g6a88ae04c9 (webtiles) character file.

Game seed: 16951947772391390653

4087 Mrkan the Grappler (level 10, -1/100 HPs)
             Began as a Troll Fighter on Dec 31, 2019.
             Was a Believer of Makhleb.
             Succumbed to a green ugly thing's poison
             ... on level 8 of the Dungeon.
             The game lasted 00:11:25 (5389 turns).

Mrkan the Grappler (Troll Fighter)                  Turns: 5389, Time: 00:11:25

Health: -1/100     AC:  8    Str: 26    XL:     10   Next: 5%
Magic:  13/13      EV:  7    Int:  8    God:    Makhleb [**....]
Gold:   479        SH: 15    Dex:  9    Spells: 9/9 levels left

rFire    . . .     SeeInvis .     - Unarmed
rCold    . . .     Gourm    +   n - +0 large shield
rNeg     . . .     Faith    .   (armour unavailable)
rPois    .         Spirit   .   (helmet restricted)
rElec    .         Reflect  .   (no cloak)
rCorr    .         Harm     .   (gloves unavailable)
MR       .....                  (boots unavailable)
Stlth    +.........             (no amulet)
HPRegen  0.66/turn              (no ring)
MPRegen  0.13/turn              (no ring)

@: lethally poisoned (-1 -> -74)
A: large, almost no armour, unfitting armour, claws 3, fast metabolism 3,
gourmand, regeneration 1, AC +8
a: Minor Destruction, Renounce Religion


You were on level 8 of the Dungeon.
You worshipped Makhleb.
Makhleb was pleased with you.
You were completely stuffed.

You visited 2 branches of the dungeon, and saw 9 of its levels.
You also visited: Sewer.

You collected 479 gold pieces.

Inventory:

Hand Weapons
 w - the +5 dagger "Concordance" {pierce, Dex+4, unknown}
   (You found it on level 5 of the Dungeon)

   It inflicts extra damage upon your enemies.
   It affects your dexterity (+4).
Missiles
 y - 76 large rocks (quivered)
 B - a throwing net {!f}
Armour
 n - a +0 large shield (worn)
Jewellery
 r - an uncursed ring of protection from cold {unknown}
 t - a +3 amulet of reflection {unknown}
 z - an uncursed amulet of faith {unknown}
 C - a cursed ring of attention {unknown}
Wands
 b - a wand of acid (3)
 u - a wand of polymorph (8)
Scrolls
 d - 5 scrolls of remove curse {unknown}
 g - 9 scrolls of identify {unknown}
 i - 4 scrolls of amnesia {unknown}
 k - 5 scrolls of teleportation {unknown}
 l - a scroll of fear {unknown}
 m - a scroll of blinking {unknown}
 o - 2 scrolls of noise {unknown}
 s - 2 scrolls of enchant weapon {unknown}
Potions
 a - 3 potions of heal wounds
 e - a potion of resistance {unknown}
 f - a potion of ambrosia {unknown}
 h - 2 potions of curing {unknown}
 j - a potion of agility {unknown}
 p - 2 potions of haste
 q - a potion of degeneration {unknown}
 v - 5 potions of brilliance {unknown}
 x - a potion of cancellation {unknown}
 A - 4 potions of flight {unknown}
 D - a potion of mutation {unknown}
Comestibles
 c - 15 rations {!d}
 E - 7 chunks of flesh


   Skills:
 + Level 6.7 Fighting
 + Level 0.8 Throwing
 - Level 2.4 Dodging
 * Level 5.0 Shields
 - Level 8.5 Unarmed Combat
 + Level 6.3 Invocations


You had 9 spell levels left.
You didn't know any spells.
Your spell library contained the following spells:

 Spells                   Type           Power        Failure   Level  Hunger
 Magic Dart               Conj           #...         98%         1    ##.....
 Sandblast                Erth           #.....       98%         1    ##.....
 Blink                    Tloc           N/A          99%         2    ###....
 Call Imp                 Summ           #.....       99%         2    ###....
 Passwall                 Tmut/Erth      #.......     99%         2    ###....
 Confuse                  Hex            #.......     100%        3    ####...
 Conjure Flame            Conj/Fire      #.......     100%        3    ####...
 Dazzling Spray           Conj/Hex       #.....       100%        3    ####...
 Mephitic Cloud           Conj/Pois/Air  #.......     100%        3    ####...
 Spider Form              Tmut/Pois      #..          100%        3    ####...
 Stone Arrow              Conj/Erth      #.....       100%        3    ####...
 Petrify                  Tmut/Erth      #.......     100%        4    #####..
 Yara's Violent Unravell  Hex/Tmut       #.........   100%        4    #####..
 Lee's Rapid Deconstruct  Erth           #.........   100%        5    ######.
 Metabolic Englaciation   Hex/Ice        #.........   100%        5    ######.
 Mana Rupture             Conj/Hex       #.........   100%        7    #######


Dungeon Overview and Level Annotations

Branches:
Dungeon (8/12)             Temple (1/1) D:4
   Lair: D:7-9          Orc: D:8-11

Altars:
Ashenzari
Cheibriados
Makhleb
Qazlal
Ru
Vehumet
Wu Jian
Xom
Yredelemnul


Innate Abilities, Weirdness & Mutations

You cannot wear most types of armour.
Your thick skin is tough. (AC +8)
You are too large for most types of armour.
You have claws for hands.
Your metabolism is lightning-fast.
You like to eat raw meat.
Your natural rate of healing is unusually fast.


Message History

* * * LOW HITPOINT WARNING * * *
You feel very sick.
The green ugly thing tail-slaps you but does no damage.
You mangle the green ugly thing!!
The green ugly thing is severely wounded.
* * * LOW HITPOINT WARNING * * *
You feel very sick. The green ugly thing tail-slaps you!
* * * LOW HITPOINT WARNING * * *
You are more poisoned.
The green ugly thing poisons you!
You mangle the green ugly thing!!
The green ugly thing is almost dead.
* * * LOW HITPOINT WARNING * * *
You feel extremely sick. The green ugly thing tail-slaps you.
* * * LOW HITPOINT WARNING * * *
You closely miss the green ugly thing.
The green ugly thing is almost dead.
You die...

.........
#........
#........
#u.......
#........
#........
#######........
........##########
##......u@........
#.####.##########
# #.<#.# #.##.#
#.##.# #.##.#
#....# ######


You could see a green ugly thing.

Vanquished Creatures
  Pikel (D:5)
  Joseph (D:7)
  A troll (D:8)
  A slime creature (D:6)
  Grinder (Sewer)
  A hungry ghost (D:5)
  Eustachio (D:4)
  Duvessa (D:7)
  An orc warrior (D:8)
  A centaur (D:6)
  3 ogres
  A phantom (Sewer)
  A bullfrog (D:7)
  Dowan (D:7)
  2 scorpions (D:6)
  2 howler monkeys
  6 wights
  3 crimson imps
  2 hounds
  11 jellies (D:6)
  2 centaur skeletons
  5 orc priests
  4 orc wizards
  2 iguanas
  Ijyb (D:4)
  Terence (D:3)
  3 worker ants
  2 big kobold zombies (Sewer)
  Robin (D:3)
  7 adders
  3 shadow imps (Sewer)
  3 ufetubi (Sewer)
  9 oozes
  2 adder zombies
  An adder skeleton (D:7)
  3 worms
  4 dart slugs
  7 leopard geckos
  9 orcs
  4 ball pythons
  11 bats
  3 giant cockroaches
  6 hobgoblins
  4 jackals (D:3)
  19 kobolds
  2 quokkas
  3 frilled lizards
  17 goblins
  2 kobold zombies (Sewer)
  6 rats
  A fungus (D:6)
189 creatures vanquished.

Vanquished Creatures (others)
  7 fungi (D:6)
7 creatures vanquished.

Grand Total: 196 creatures vanquished

Notes
Turn   | Place    | Note
-------+----------+-------------------------------------------
     0 | D:1      | Mrkan the Troll Fighter began the quest for the Orb.
     0 | D:1      | Reached XP level 1. HP: 22/22 MP: 0/0
   173 | D:1      | Reached XP level 2. HP: 29/29 MP: 1/1
   550 | D:1      | Reached skill level 3 in Unarmed Combat
   689 | D:1      | Reached XP level 3. HP: 36/36 MP: 2/2
  1711 | D:3      | Noticed Robin
  1724 | D:3      | Killed Robin
  1724 | D:3      | Gained mutation: Your natural rate of healing is unusually
                  | fast. [Troll growth]
  1724 | D:3      | Reached XP level 4. HP: 23/45 MP: 3/3
  1798 | D:3      | Reached skill level 4 in Unarmed Combat
  1948 | D:3      | Reached XP level 5. HP: 53/53 MP: 4/4
  2048 | D:3      | Noticed Terence
  2057 | D:3      | Killed Terence
  2209 | D:4      | Found a snail-covered altar of Cheibriados.
  2209 | D:4      | Noticed an ogre
  2216 | D:4      | Killed an ogre
  2216 | D:4      | Reached skill level 5 in Unarmed Combat
  2216 | D:4      | Reached XP level 6. HP: 44/62 MP: 5/5
  2379 | D:4      | Noticed Ijyb
  2410 | D:4      | Killed Ijyb
  2554 | D:4      | Found a staircase to the Ecumenical Temple.
  2571 | Temple   | Entered the Ecumenical Temple
  2575 | Temple   | Became a worshipper of Makhleb the Destroyer
  2639 | D:4      | Noticed Eustachio
  2694 | D:4      | Killed Eustachio
  2694 | D:4      | Reached skill level 6 in Unarmed Combat
  2694 | D:4      | Reached skill level 1 in Invocations
  2694 | D:4      | Reached XP level 7. HP: 61/70 MP: 5/7
  2889 | D:5      | Entered Level 5 of the Dungeon
  2926 | D:5      | Got an ivory dagger
  2949 | D:5      | Found an ornate altar of the Wu Jian Council.
  3098 | D:5      | Noticed a hungry ghost
  3141 | D:5      | Killed a hungry ghost
  3165 | D:5      | Reached skill level 7 in Unarmed Combat
  3288 | D:5      | Noticed Pikel
  3322 | D:5      | Killed Pikel
  3322 | D:5      | Reached skill level 5 in Fighting
  3322 | D:5      | Reached XP level 8. HP: 14/80 MP: 7/9
  3478 | D:6      | Reached skill level 8 in Unarmed Combat
  3597 | D:6      | Found a sacrificial altar of Ru.
  3675 | D:6      | Found a radiant altar of Vehumet.
  3675 | D:6      | Found a stormy altar of Qazlal.
  3771 | D:6      | Reached * piety under Makhleb
  3807 | D:6      | Noticed a slime creature
  3824 | D:6      | Killed a slime creature
  3832 | D:6      | Reached XP level 9. HP: 72/89 MP: 11/11
  4030 | D:6      | Found a glowing drain.
  4035 | Sewer    | Entered a sewer
  4063 | Sewer    | Reached skill level 5 in Invocations
  4098 | Sewer    | Reached ** piety under Makhleb
  4159 | Sewer    | Found an ancient bone altar of Kikubaaqudgha.
  4289 | Sewer    | Noticed Grinder
  4304 | Sewer    | Killed Grinder
  4658 | D:7      | Noticed Joseph
  4686 | D:7      | Killed Joseph
  4998 | D:7      | Noticed Duvessa
  4998 | D:7      | Noticed Dowan
  5007 | D:7      | Killed Duvessa
  5017 | D:7      | Killed Dowan
  5319 | D:8      | Noticed a troll
  5341 | D:8      | Killed a troll
  5341 | D:8      | Reached skill level 5 in Shields
  5341 | D:8      | Reached XP level 10. HP: 22/100 MP: 13/13
  5374 | D:8      | Noticed a green ugly thing
  5388 | D:8      | HP: 5/100 [green ugly thing (3)]
  5389 | D:8      | Succumbed to a green ugly thing's poison

Skill      XL: |  1  2  3  4  5  6  7  8  9 |
---------------+----------------------------+-----
Unarmed Combat | 3 4 5 6 7 8 |  8.5
Fighting       | 3 4 5 6 |  6.7
Invocations    | 1 3 4 6 |  6.3
Shields        | 5 |  5.0
Throwing       | |  0.8
Dodging        | |  2.4

Action                   |  1- 3 |  4- 6 |  7- 9 | 10-12 || total
-------------------------+-------+-------+-------+-------++-------
Melee: Unarmed           |   106 |   167 |   350 |    12 ||   635
Throw: Large rock        |       |       |       |     2 ||     2
  Use: Potion            |       |       |     3 |     1 ||     4
 Stab: Sleeping          |       |     1 |       |       ||     1
  Eat: Chunk             |     8 |    11 |    21 |     2 ||    42
       Ration            |       |       |     1 |       ||     1
Armor: Skin              |    43 |   141 |    94 |     2 ||   280
Dodge: Dodged            |    45 |    90 |    47 |     1 ||   183
Block: Shield            |    19 |       |       |       ||    19
       Large shield      |    60 |   176 |   252 |     4 ||   492
